 Dungeon Crawl Stone Soup version 0.25-a0-108-gda8bd6cf83 (webtiles) character file.

Game seed: 9410825616529823464, levelgen mode: deterministic

1972 mortelune the Ruffian (level 9, -1/69 HPs)
             Began as a Demonspawn Wanderer on Nov 17, 2019.
             Slain by a yak (8 damage)
             ... on level 5 of the Dungeon.
             The game lasted 00:23:02 (10225 turns).

mortelune the Ruffian (Demonspawn Wanderer)        Turns: 10225, Time: 00:23:03

Health: -1/69      AC:  8    Str: 19    XL:     9   Next: 0%
Magic:  9/9        EV:  9    Int: 19    God:
Gold:   227        SH:  0    Dex: 12    Spells: 8/8 levels left

rFire    . . .     SeeInvis .     - Unarmed
rCold    . . .     Gourm    .   (no shield)
rNeg     . . .     Faith    .   D - +0 chain mail
rPois    .         Spirit   .   (helmet restricted)
rElec    .         Reflect  .   (no cloak)
rCorr    .         Harm     .   (no gloves)
MR       .....                  (no boots)
Stlth    ..........             (no amulet)
HPRegen  0.21/turn              k - +3 ring of dexterity
MPRegen  0.11/turn              x - +5 ring of intelligence

@: no status effects
A: claws 1, hooves 2, horns 1, powered by death 1
a: no special abilities


You were on level 5 of the Dungeon.
You were not hungry.

You visited 1 branch of the dungeon, and saw 6 of its levels.

You collected 482 gold pieces.
You spent 255 gold pieces at shops.

Inventory:

Hand Weapons
 a - the +9 hand crossbow of the Grave {penet, rN+}
   (You bought it in a shop on level 5 of the Dungeon)

   Ammo fired by it will pass through the targets it hits, potentially hitting
   all targets in its path until it reaches maximum range.
   It protects you from negative energy.
 c - a +0 hand axe
 e - a +0 dagger
 G - a +3 mace
Missiles
 b - 278 stones
 g - 19 poisoned darts (quivered)
 E - 39 bolts
Armour
 d - a +0 robe
 i - a +0 leather armour
 n - a +1 leather armour
 q - a +0 ring mail
 B - a +0 scale mail
 D - a +0 chain mail (worn)
Jewellery
 k - a +3 ring of dexterity (left claw)
 x - a +5 ring of intelligence (right claw)
 F - an uncursed ring of protection from fire {unknown}
Wands
 s - a wand of random effects (20)
 t - a wand of clouds (7)
Scrolls
 o - a scroll of enchant armour
 v - 2 scrolls of enchant weapon
 w - a scroll of teleportation
 y - a scroll of remove curse
 A - 3 scrolls of identify
 H - a scroll of blinking {unknown}
 I - a scroll of magic mapping {unknown}
Potions
 h - a potion of might
 j - a potion of ambrosia {unknown}
 l - 2 potions of flight {unknown}
 m - a potion of agility {unknown}
 p - 3 potions of brilliance {unknown}
 r - a potion of magic {unknown}
 u - 4 potions of degeneration {unknown}
 z - 2 potions of heal wounds {unknown}
 C - 2 potions of lignification {unknown}
 J - a potion of berserk rage {unknown}
Comestibles
 f - 9 rations


   Skills:
 + Level 5.7 Fighting
 - Level 3.6(3.7) Maces & Flails
   Level 1.0(2.4) Staves
 - Level 1.0 Throwing
 - Level 1.7 Armour
 + Level 5.3 Dodging
 - Level 1.7 Stealth
 * Level 6.7 Unarmed Combat


You had 8 spell levels left.
You didn't know any spells.
Your spell library was empty.

Dungeon Overview and Level Annotations

Branches:
Dungeon (6/15)
 Temple: D:4-7

Altars:
Elyvilon

Shops:
D:4 %[   D:5 *

Annotations:
D:3 2 transporters, whitenoisemaker's ghost, amateur GnWn
D:4 1 runed translucent door, viperstalker's ghost, amateur CeFi
D:5 2 transporters


Innate Abilities, Weirdness & Mutations

You have sharp fingernails.
You have hoof-like feet.
You have a pair of small horns on your head.
You regenerate a little health from kills.


Message History

You scratch the yak but do no damage.
The yak is heavily wounded.
The yak barely misses you.
You scratch the yak. You kick the yak.
The yak is severely wounded.
The yak gores you.
* * * LOW HITPOINT WARNING * * *
You scratch the yak but do no damage. Your headbutt misses the yak.
The yak is severely wounded.
The yak gores you but does no damage.
You barely miss the yak.
The yak is severely wounded.
The yak gores you!
* * * LOW HITPOINT WARNING * * *
Okay, then.
Okay, then.
Evoke which item? (* to show all) (? for menu, Esc to quit)
Okay, then.
The yak gores you!
You die...

###.#...........................#
#####.......##...........#....#
##......................#..
##........#.###........##.
##..........####......###.
##.....>................#..
#.......................#..
###.####................... #...#
##.@Y............... ##..#
##..............#.. #.##
###.##....##...#.. ###
####....###.#.). ##..## #####.
#### #. ##


You could see a yak.

Vanquished Creatures
  A yak (D:6)
  2 phantoms
  A sky beast (D:5)
  An ogre (D:5)
  4 centaurs
  4 big kobolds
  2 bullfrogs (D:6)
  5 hounds
  2 orc priests
  A centaur skeleton (D:5)
  An orc wizard (D:5)
  Jessica (D:3)
  2 bullfrog skeletons
  3 worker ants
  A hound skeleton (D:5)
  5 adders
  11 gnolls
  An ooze (D:1)
  An adder skeleton (D:5)
  2 worms
  2 leopard geckos
  8 orcs
  7 giant cockroaches
  34 goblins
  31 hobgoblins
  9 kobolds
  A quokka (D:2)
  A ball python (D:2)
  9 bats
  6 frilled lizards
  8 rats
167 creatures vanquished.

Notes
Turn   | Place    | Note
-------+----------+-------------------------------------------
     0 | D:1      | mortelune the Demonspawn Wanderer began the quest for the
                  | Orb.
     0 | D:1      | mortelune set off with the following items: a +2 mace, a +0
                  | hand axe, a potion of curing, a +0 robe, a +0 dagger, a
                  | ration
     0 | D:1      | Reached XP level 1. HP: 15/15 MP: 1/1
   245 | D:1      | Gained mutation: You have a pair of small horns on your
                  | head. [demonic ancestry]
   245 | D:1      | Reached XP level 2. HP: 16/21 MP: 2/2
   981 | D:2      | Reached XP level 3. HP: 24/27 MP: 3/3
  1213 | D:2      | Reached XP level 4. HP: 18/33 MP: 4/4
  2336 | D:3      | Noticed Jessica
  2346 | D:3      | Killed Jessica
  2444 | D:3      | Found a white marble altar of Elyvilon.
  2464 | D:3      | Gained mutation: You have sharp fingernails. [demonic
                  | ancestry]
  2464 | D:3      | Reached XP level 5. HP: 28/39 MP: 5/5
  2959 | D:3      | Found a transporter.
  2964 | D:3      | Found a transporter.
  2964 | D:3      | Noticed an ogre
  2965 | D:3      | Noticed whitenoisemaker's ghost (amateur GnWn)
  2968 | D:3      | Noticed an ogre
  2972 | D:3      | Noticed an ogre
  3075 | D:4      | Found Pev Dooll's Armour Emporium.
  3382 | D:4      | Reached skill level 1 in Unarmed Combat
  3961 | D:4      | Found Mekho's Food Shoppe.
  4166 | D:4      | Found a runed translucent door.
  4168 | D:4      | Noticed viperstalker's ghost (amateur CeFi)
  4216 | D:4      | Noticed a phantom
  4657 | D:4      | Reached skill level 2 in Unarmed Combat
  4657 | D:4      | Gained mutation: You have large cloven feet. [demonic
                  | ancestry]
  4657 | D:4      | Reached XP level 6. HP: 29/47 MP: 6/6
  6311 | D:3      | HP: 1/47 [big kobold/+0 dagger of holy wrath (3)]
  6524 | D:2      | Reached skill level 3 in Unarmed Combat
  7070 | D:3      | Gained mutation: You regenerate a little health from kills.
                  | [demonic ancestry]
  7070 | D:3      | Reached XP level 7. HP: 41/53 MP: 7/7
  7528 | D:4      | Reached skill level 4 in Unarmed Combat
  8043 | D:5      | Entered Level 5 of the Dungeon
  8457 | D:5      | Found a transporter.
  8478 | D:5      | Gained mutation: You have hoof-like feet. [demonic
                  | ancestry]
  8478 | D:5      | Reached XP level 8. HP: 48/61 MP: 8/8
  8750 | D:5      | Reached skill level 5 in Unarmed Combat
  9082 | D:5      | Found a transporter.
  9205 | D:5      | Reached skill level 5 in Fighting
  9321 | D:5      | Found Rasogg's Assorted Antiques.
  9326 | D:5      | Bought a transparent hand crossbow for 255 gold pieces
  9326 | D:5      | Identified the +9 hand crossbow of the Grave {penet, rN+}
                  | (You bought it in a shop on level 5 of the Dungeon)
  9697 | D:6      | Reached skill level 6 in Unarmed Combat
  9702 | D:6      | Reached skill level 5 in Dodging
 10205 | D:6      | Reached XP level 9. HP: 50/69 MP: 9/9
 10225 | D:5      | Slain by a yak

Levels and vault maps discovered:
D:1:      minmay_arrival_cross, layout_loops_ring
D:2:      layout_basic, first_ration
D:3:      layout_rooms, gammafunk_ghost_smash, elyvilon_altar_3, uniq_jessica
D:4:      minmay_goblin_kobold_castle, layout_rooms,
          ebering_ghost_reflecting_pool, serial_shops, shop, shop,
          hangedman_decor_growths
D:5:      gammafunk_steamed_eel, layout_cave_pools, serial_shops,
          kennysheep_mini_moat
D:6:      layout_rooms, lemuel_coloured_pillars_altar,
          minmay_temple_entry_glassed_door, basic_altar, supply_closet_lemuel,
          kennysheep_small_square, uniq_blork_the_orc, uniq_crazy_yiuf_cottage

Skill      XL: |  1  2  3  4  5  6  7  8 |
---------------+-------------------------+-----
Maces & Flails | 2 3 |  3.6
Fighting       | 2 3 4 5 |  5.7
Dodging        | 2 3 4 5 |  5.3
Unarmed Combat | 2 3 4 6 |  6.7
Staves         | |  1.0
Throwing       | |  1.0
Armour         | |  1.7
Stealth        | |  1.7

Action                   |  1- 3 |  4- 6 |  7- 9 || total
-------------------------+-------+-------+-------++-------
Melee: Mace              |    78 |    59 |       ||   137
       Headbutt          |     3 |    59 |    31 ||    93
       Unarmed           |       |   300 |   195 ||   495
       Kick              |       |    37 |    60 ||    97
       Punch             |       |     1 |     4 ||     5
 Fire: Hand crossbow     |       |       |    17 ||    17
Throw: Dart              |    10 |    21 |     7 ||    38
  Use: Scroll            |     2 |     9 |     1 ||    12
       Potion            |       |     4 |       ||     4
 Stab: Sleeping          |     1 |     3 |       ||     4
  Eat: Chunk             |     1 |    16 |     3 ||    20
       Ration            |       |     1 |     2 ||     3
Armor: Leather armour    |    13 |    44 |       ||    57
       Robe              |     4 |       |       ||     4
       Ring mail         |       |    46 |    23 ||    69
       Chain mail        |       |       |    20 ||    20
Dodge: Dodged            |    59 |   237 |    95 ||   391

Table legend:
 A = Non-vault XP
 B = Vault XP
 C = Vault XP percentage of total XP
 D = Non-vault monster count
 E = Vault monster count
 F = Vault count percentage of total count
                 A         B        C        D         E       F
            +---------+---------+-------+---------+---------+-------
      Total |    2175 |     643 |  22.8 |     101 |      66 |  39.5
            +---------+---------+-------+---------+---------+-------
        D:1 |      27 |       0 |   0.0 |      14 |       0 |   0.0
        D:2 |     103 |     103 |  50.0 |      27 |       1 |   3.6
        D:3 |     175 |     154 |  46.8 |      19 |       4 |  17.4
        D:4 |     359 |     386 |  51.8 |      13 |      61 |  82.4
        D:5 |     775 |       0 |   0.0 |      15 |       0 |   0.0
        D:6 |     736 |       0 |   0.0 |      13 |       0 |   0.0
            +---------+---------+-------+---------+---------+-------
